MLB
MONTREAL EXPOS @ BOSTON RED SOX
08/07/2039
 
TOP OF THE 1ST
Montreal Expos batting - Pitching for Boston Red Sox : RHP Chad Coleman
Pitching: RHP Chad Coleman
Batting: RHB Ben Morris 0-0: Called Strike
0-1: Ball
1-1: Ground out 4-3 (Groundball, 4MD, EV 106.9 MPH)
Batting: SHB Matt Rose 0-0: Ball
1-0: Called Strike
1-1: Ball
2-1: Called Strike
2-2: Ball
3-2: Strikes out swinging
Batting: LHB Nate Petite 0-0: Foul Ball, location: 23FF
0-1: Swinging Strike
0-2: Ball
1-2: Ball
2-2: Strikes out swinging
Top of the 1st over - 0 runs, 0 hits, 0 errors, 0 left on base; Montreal 0 - Boston 0
BOTTOM OF THE 1ST
Boston Red Sox batting - Pitching for Montreal Expos : RHP Erik Dickman
Pitching: RHP Erik Dickman
Batting: RHB Ronald Acuna Jr. 0-0: Swinging Strike
0-1: Ball
1-1: SINGLE (Line Drive, 8LS, EV 105.6 MPH)
Batting: RHB Juan Burruel 0-0: Ball
1-0: Called Strike
1-1: Swinging Strike
1-2: Foul Ball, location: 7LDF
1-2: Foul Ball, location: 2F
1-2: Foul Ball, location: 7LDF
1-2: SINGLE (Line Drive, 4MD, EV 70.6 MPH)
Ronald Acuna Jr. to second
Runner from 2nd tries for 3rd, SAFE, throw by CF made to third
Batting: LHB Brendan Stogner 0-0: Called Strike
0-1: Ball
1-1: Fly out, F3 (Popup, 3S, EV 84.4 MPH)
Batting: RHB Phil Lafnear 0-0: Ball
Juan Burruel is caught stealing 2nd base 2-4
1-0: Called Strike
1-1: Called Strike
1-2: Foul Ball, location: 2F
1-2: Ball
2-2: Strikes out swinging
Bottom of the 1st over - 0 runs, 2 hits, 0 errors, 1 left on base; Montreal 0 - Boston 0
TOP OF THE 2ND
Montreal Expos batting - Pitching for Boston Red Sox : RHP Chad Coleman
Batting: RHB Steve Dowdle 0-0: Called Strike
0-1: Ball
1-1: Swinging Strike
1-2: Strikes out swinging
Batting: RHB Frank Vergara 0-0: SINGLE (Line Drive, 89S, EV 103.1 MPH)
Batting: RHB Jose Castillo 0-0: Foul Ball, location: 5FF
0-1: Ball
1-1: Ball
2-1: Swinging Strike
2-2: Strikes out looking
Batting: RHB Andres del Valle 0-0: Swinging Strike
0-1: Ground out U3 (Groundball, 34S, EV 88.1 MPH)
Top of the 2nd over - 0 runs, 1 hit, 0 errors, 1 left on base; Montreal 0 - Boston 0
BOTTOM OF THE 2ND
Boston Red Sox batting - Pitching for Montreal Expos : RHP Erik Dickman
Batting: RHB Jonathan Jennings 0-0: Ball
1-0: Ball
2-0: Called Strike
2-1: Ball
3-1: Foul Ball, location: 2F
3-2: Base on Balls
Batting: RHB Kevin Keller 0-0: Ball
1-0: Fly out, F9 (Flyball, 9D, EV 87.5 MPH)
Batting: LHB Marcelo Mayer 0-0: Called Strike
0-1: Swinging Strike
0-2: Ball
1-2: Ball
2-2: Ball
3-2: Base on Balls
Jonathan Jennings to second
Batting: RHB David Andino 0-0: Swinging Strike
0-1: Grounds into double play, 3-6-3 (Groundball, 34S, EV 81.3 MPH)
Bottom of the 2nd over - 0 runs, 0 hits, 0 errors, 1 left on base; Montreal 0 - Boston 0
TOP OF THE 3RD
Montreal Expos batting - Pitching for Boston Red Sox : RHP Chad Coleman
Batting: RHB Clint Caldwell 0-0: Fly out, F9 (Line Drive, 89M, EV 97.5 MPH)
Batting: SHB Wander Franco 0-0: Ball
1-0: Called Strike
1-1: Ball
2-1: Ball
3-1: Foul Ball, location: 2F
3-2: Fly out, F7 (Flyball, 78M, EV 88.8 MPH)
Batting: RHB Ben Morris 0-0: Called Strike
0-1: Foul Ball, location: 9LDF
0-2: Ball
1-2: Strikes out swinging
Top of the 3rd over - 0 runs, 0 hits, 0 errors, 0 left on base; Montreal 0 - Boston 0
BOTTOM OF THE 3RD
Boston Red Sox batting - Pitching for Montreal Expos : RHP Erik Dickman
Batting: RHB Joe Merrill 0-0: Ball
1-0: Ball
2-0: Foul Ball, location: 5F
2-1: Called Strike
2-2: Strikes out looking
Batting: RHB Ronald Acuna Jr. 0-0: Swinging Strike
0-1: Foul Ball, location: 2F
0-2: Fly out, F9 (Line Drive, 9S, EV 91.3 MPH)
Batting: RHB Juan Burruel 0-0: Called Strike
0-1: Ball
1-1: Swinging Strike
1-2: Strikes out swinging
Bottom of the 3rd over - 0 runs, 0 hits, 0 errors, 0 left on base; Montreal 0 - Boston 0
TOP OF THE 4TH
Montreal Expos batting - Pitching for Boston Red Sox : RHP Chad Coleman
Batting: SHB Matt Rose 0-0: Called Strike
0-1: Foul Ball, location: 3F
0-2: Ball
1-2: Foul Ball, location: 5SF
1-2: Ball
2-2: Strikes out swinging
Batting: LHB Nate Petite 0-0: Ball
1-0: Ball
2-0: Called Strike
2-1: Foul Ball, location: 5SF
2-2: Ground out 6-3 (Groundball, 4M, EV 93.1 MPH)
Batting: RHB Steve Dowdle 0-0: Ball
1-0: Ball
2-0: Ball
3-0: Called Strike
3-1: Ground out 6-3 (Groundball, 56, EV 100.6 MPH)
Top of the 4th over - 0 runs, 0 hits, 0 errors, 0 left on base; Montreal 0 - Boston 0
BOTTOM OF THE 4TH
Boston Red Sox batting - Pitching for Montreal Expos : RHP Erik Dickman
Batting: LHB Brendan Stogner 0-0: Called Strike
0-1: Foul Ball, location: 2F
0-2: Ball
1-2: Strikes out swinging
Batting: RHB Phil Lafnear 0-0: DOUBLE (Flyball, 8RXD, EV 105.0 MPH)
Batting: RHB Jonathan Jennings 0-0: Called Strike
0-1: Swinging Strike
0-2: Strikes out swinging
Batting: RHB Kevin Keller 0-0: Ball
1-0: Ball
2-0: Ground out 6-3 (Groundball, 56, EV 90.6 MPH)
Bottom of the 4th over - 0 runs, 1 hit, 0 errors, 1 left on base; Montreal 0 - Boston 0
TOP OF THE 5TH
Montreal Expos batting - Pitching for Boston Red Sox : RHP Chad Coleman
Batting: RHB Frank Vergara 0-0: Ball
1-0: Fly out, F3 (Popup, 3SF, EV 68.8 MPH)
Batting: RHB Jose Castillo 0-0: Ball
1-0: Foul Ball, location: 2RF
1-1: Ball
2-1: Ball
3-1: Foul Ball, location: 2F
3-2: Fly out, F9 (Flyball, 89S, EV 95.6 MPH)
Batting: RHB Andres del Valle 0-0: Ball
1-0: Called Strike
1-1: Foul Ball, location: 2F
1-2: Foul Ball, location: 2F
1-2: Strikes out looking
Top of the 5th over - 0 runs, 0 hits, 0 errors, 0 left on base; Montreal 0 - Boston 0
BOTTOM OF THE 5TH
Boston Red Sox batting - Pitching for Montreal Expos : RHP Erik Dickman
Batting: LHB Marcelo Mayer 0-0: Ball
1-0: Foul Ball, location: 23F
1-1: Ball
2-1: Foul Ball, location: 2F
2-2: Strikes out swinging
Batting: RHB David Andino 0-0: Ball
1-0: DOUBLE (Line Drive, 9LS, EV 100.6 MPH)
Batting: RHB Joe Merrill 0-0: Called Strike
0-1: Ball
1-1: Swinging Strike
1-2: Ball
2-2: Ball
3-2: Foul Ball, location: 2F
3-2: Strikes out swinging
Batting: RHB Ronald Acuna Jr. 0-0: Called Strike
0-1: Ball
1-1: Called Strike
1-2: Strikes out looking
Bottom of the 5th over - 0 runs, 1 hit, 0 errors, 1 left on base; Montreal 0 - Boston 0
TOP OF THE 6TH
Montreal Expos batting - Pitching for Boston Red Sox : RHP Chad Coleman
Batting: RHB Clint Caldwell 0-0: Ball
1-0: Foul Ball, location: 7LMF
1-1: SINGLE (Groundball, 34D, EV 82.5 MPH) (infield hit)
Batting: SHB Wander Franco 0-0: Ball
1-0: Called Strike
1-1: Ball
2-1: Swinging Strike
2-2: Foul Ball, location: 5DF
2-2: Strikes out swinging
Batting: RHB Ben Morris 0-0: Ball
1-0: Ball
2-0: SINGLE (Line Drive, 4M, EV 95.6 MPH)
Clint Caldwell to second
Runner from 2nd tries for 3rd, SAFE, throw by CF made to third
Batting: SHB Matt Rose 0-0: Fielders Choice at 2nd, 3-6 (Groundball, 34S, EV 91.3 MPH)
Clint Caldwell scores
Batting: LHB Nate Petite 0-0: Ball
1-0: Ball
Wild Pitch!
Matt Rose to second
2-0: Called Strike
2-1: Foul Ball, location: 7LSF
2-2: Ball
3-2: Ground out 6-3 (Groundball, 6, EV 90.0 MPH)
Top of the 6th over - 1 run, 2 hits, 0 errors, 1 left on base; Montreal 1 - Boston 0
BOTTOM OF THE 6TH
Boston Red Sox batting - Pitching for Montreal Expos : RHP Erik Dickman
Batting: RHB Juan Burruel 0-0: Ball
1-0: Ball
2-0: Swinging Strike
2-1: SOLO HOME RUN (Flyball, 7D, EV 101.3 MPH), Distance : 403 ft
Batting: LHB Brendan Stogner 0-0: Fly out, F9 (Flyball, 9, EV 93.1 MPH)
Batting: RHB Phil Lafnear 0-0: Ball
1-0: Called Strike
1-1: SINGLE (Line Drive, 89M, EV 93.1 MPH)
Batting: RHB Jonathan Jennings 0-0: Foul Ball, location: 3F
0-1: Called Strike
0-2: Ball
1-2: Ball
2-2: Strikes out swinging
Batting: RHB Kevin Keller 0-0: Called Strike
0-1: Foul Ball, location: 2LF
0-2: Foul Ball, location: 9LMF
0-2: Foul Ball, location: 7LMF
0-2: Ball
1-2: Ball
2-2: Ball
3-2: Fly out, F8 (Flyball, 78M, EV 81.9 MPH)
Bottom of the 6th over - 1 run, 2 hits, 0 errors, 1 left on base; Montreal 1 - Boston 1
TOP OF THE 7TH
Montreal Expos batting - Pitching for Boston Red Sox : RHP Chad Coleman
Batting: RHB Steve Dowdle 0-0: Ball
1-0: Called Strike
1-1: Ball
2-1: Foul Ball, location: 5F
2-2: Ground out 4-3 (Groundball, P, EV 84.4 MPH)
Pitching: RHP Josh Berger
Batting: RHB Frank Vergara 0-0: Ball
1-0: Ball
2-0: Ground out 5-3 (Groundball, 56D, EV 110.6 MPH)
Batting: RHB Jose Castillo 0-0: Called Strike
0-1: Ball
1-1: Ball
2-1: Fly out, F7 (Flyball, 78S, EV 86.3 MPH)
Top of the 7th over - 0 runs, 0 hits, 0 errors, 0 left on base; Montreal 1 - Boston 1
BOTTOM OF THE 7TH
Boston Red Sox batting - Pitching for Montreal Expos : RHP Erik Dickman
Pitching: RHP Chad Coon
Batting: LHB Marcelo Mayer 0-0: Called Strike
0-1: Ball
1-1: Ball
2-1: Foul Ball, location: 2F
2-2: Foul Ball, location: 25F
2-2: Ground out U3 (Groundball, 3, EV 87.5 MPH)
Batting: RHB David Andino 0-0: Called Strike
0-1: Ball
1-1: Fly out, F4 (Popup, 4, EV 63.8 MPH)
Batting: RHB Joe Merrill 0-0: Ball
1-0: Called Strike
1-1: Foul Ball, location: 3DF
1-2: Strikes out swinging
Bottom of the 7th over - 0 runs, 0 hits, 0 errors, 0 left on base; Montreal 1 - Boston 1
TOP OF THE 8TH
Montreal Expos batting - Pitching for Boston Red Sox : RHP Josh Berger
Batting: RHB Andres del Valle 0-0: Swinging Strike
0-1: Called Strike
0-2: Ball
1-2: Strikes out swinging
Pitching: RHP Irving Medina
Batting: RHB Clint Caldwell 0-0: Ball
1-0: Ball
2-0: Called Strike
2-1: Fly out, F9 (Flyball, 89S, EV 93.1 MPH)
Batting: SHB Wander Franco 0-0: Called Strike
0-1: Foul Ball, location: 7LDF
0-2: Ball
1-2: Foul Ball, location: 3SF
1-2: Ball
2-2: Fly out, F9 (Flyball, 9D, EV 97.5 MPH)
Top of the 8th over - 0 runs, 0 hits, 0 errors, 0 left on base; Montreal 1 - Boston 1
BOTTOM OF THE 8TH
Boston Red Sox batting - Pitching for Montreal Expos : RHP Chad Coon
Batting: RHB Ronald Acuna Jr. 0-0: Ball
1-0: Ball
2-0: Foul Ball, location: 5SF
2-1: Called Strike
2-2: Ball
3-2: Base on Balls
Batting: RHB Juan Burruel 0-0: Foul Ball, location: 7LMF
0-1: Ball
1-1: Swinging Strike
1-2: Ball
2-2: Strikes out swinging
Batting: LHB Brendan Stogner 0-0: Fly out, F6 (Popup, 6D, EV 51.3 MPH)
Pitching: RHP Jeremy Haynes
Batting: RHB Phil Lafnear 0-0: Called Strike
0-1: Ball
1-1: Ball
2-1: Foul Ball, location: 2F
2-2: SINGLE (Flyball, 3D, EV 96.3 MPH)
Ronald Acuna Jr. to second
Runner from 2nd tries for 3rd, SAFE, no throw by RF
Batting: RHB Jonathan Jennings 0-0: Ball
1-0: Ball
2-0: Foul Ball, location: 3F
2-1: Foul Ball, location: 3FF
2-2: Ball
3-2: Base on Balls
Phil Lafnear to second
Batting: RHB Kevin Keller 0-0: Fly out, F1 (Popup, 15, EV 87.5 MPH)
Bottom of the 8th over - 0 runs, 1 hit, 0 errors, 3 left on base; Montreal 1 - Boston 1
TOP OF THE 9TH
Montreal Expos batting - Pitching for Boston Red Sox : RHP Irving Medina
Batting: RHB Ben Morris 0-0: Ball
1-0: Fly out, F8 (Flyball, 8RXD, EV 92.5 MPH)
Pitching: RHP Marc Triplett
Batting: SHB Matt Rose 0-0: Called Strike
0-1: Called Strike
0-2: Ground out 5-3 (Groundball, 56S, EV 68.1 MPH)
Batting: LHB Nate Petite 0-0: Foul Ball, location: 25F
0-1: Swinging Strike
0-2: Foul Ball, location: 5DF
0-2: Foul Ball, location: 2F
0-2: Foul Ball, location: 7LMF
0-2: Ball
1-2: Foul Ball, location: 7LDF
1-2: Foul Ball, location: 3FF
1-2: Foul Ball, location: 5F
1-2: Strikes out swinging
Top of the 9th over - 0 runs, 0 hits, 0 errors, 0 left on base; Montreal 1 - Boston 1
BOTTOM OF THE 9TH
Boston Red Sox batting - Pitching for Montreal Expos : RHP Jeremy Haynes
Batting: LHB Marcelo Mayer 0-0: Ball
1-0: Ball
2-0: Ball
3-0: Base on Balls
Batting: RHB David Andino 0-0: Ball
1-0: Foul Ball, location: 2F
1-1: Ball
2-1: DOUBLE (Line Drive, 9LS, EV 94.4 MPH)
Marcelo Mayer to third
Pinch Hitting: RHB Yohann Gil 0-0: Ball
1-0: Called Strike
1-1: Called Strike
1-2: Foul Ball, location: 3F
1-2: Strikes out swinging
Batting: RHB Ronald Acuna Jr. 0-0: Called Strike
0-1: Swinging Strike
0-2: Strikes out swinging
Pitching: RHP Mike Stevens
Batting: RHB Juan Burruel 0-0: Ball
1-0: Swinging Strike
1-1: SINGLE (Groundball, 6S, EV 75.0 MPH) (infield hit)
Marcelo Mayer scores
Bottom of the 9th over - 1 run, 2 hits, 0 errors, 2 left on base; Montreal 1 - Boston 2
Saturday, April 13th , 2024 - OOTP Baseball 24.10 Build 82